 Dungeon Crawl Stone Soup version 0.26.1-2-gb8aa6d0cf2 (webtiles) character file.

Game seed: 14932544208915089069

98 Eurus the Covered (level 4, -4/41 HPs)
             Began as a Minotaur Fighter on Feb 19, 2021.
             Killed from afar by an orc wizard (8 damage)
             ... with a magic dart
             ... on level 3 of the Dungeon.
             The game lasted 00:08:14 (2570 turns).

Eurus the Covered (Minotaur Fighter)                Turns: 2570, Time: 00:08:15

Health: -4/41      AC:  8    Str: 22    XL:     4   Next: 43%
Magic:  3/3        EV:  7    Int:  5    God:
Gold:   154        SH:  9    Dex:  9    Spells: 3/3 levels left

rFire    . . .     SeeInvis .   a - +0 war axe
rCold    . . .     Faith    .   c - +0 kite shield
rNeg     . . .     Spirit   .   b - +0 scale mail
rPois    .         Reflect  .   (helmet restricted)
rElec    .         Harm     .   (no cloak)
rCorr    .         Rampage  .   (no gloves)
Will     .....                  f - +0 pair of boots
Stlth    ..........             (no amulet)
HPRegen  0.13/turn              (no ring)
MPRegen  0.08/turn              (no ring)

@: mighty, slowed, very slow
A: retaliatory headbutt, horns 2
a: no special abilities


You were on level 3 of the Dungeon.
You visited 1 branch of the dungeon, and saw 3 of its levels.

You collected 154 gold pieces.

Inventory:

Hand Weapons
 a - a +0 war axe (weapon)
Missiles
 l - 62 stones (quivered)
 o - 2 boomerangs
Armour
 b - a +0 scale mail (worn)
 c - a +0 kite shield (worn)
 f - a +0 pair of boots (worn)
Scrolls
 e - 2 scrolls of enchant armour {unknown}
 i - a scroll of magic mapping {unknown}
 j - a scroll of amnesia {unknown}
 k - a scroll of enchant weapon {unknown}
 m - 2 scrolls of teleportation {unknown}
 n - a scroll of fear {unknown}
Potions
 g - 2 potions of heal wounds {unknown}
 h - a potion of cancellation {unknown}


   Skills:
 + Level 4.4 Fighting
 + Level 3.4 Axes
 + Level 0.4 Throwing
 + Level 4.4 Armour
 + Level 4.4 Shields


You had 3 spell levels left.
You didn't know any spells.
Your spell library was empty.

Dungeon Overview and Level Annotations

Branches:
Dungeon (3/15)

Altars:
Ashenzari
Elyvilon


Innate Abilities, Weirdness & Mutations

You reflexively headbutt those who attack you in melee.
You have a pair of horns on your head.


Message History

Pain shoots through your body!
* * * LOW HITPOINT WARNING * * *
The orc wizard casts a spell.
The orc wizard blinks!
The orc priest looks encouraged for a moment.
The orc wizard casts a spell at you. The magic dart hits you.
* * * LOW HITPOINT WARNING * * *
Unknown command.
You feel very mighty all of a sudden.
The orc priest looks encouraged for a moment.
You are too injured to fight recklessly!
Your shield and scale mail prevent you from hitting the orc priest.
The orc priest is moderately wounded.
The orc priest hits you but does no damage.
The orc wizard hits you but does no damage.
The orc priest hits you but does no damage.
The orc wizard points at you and mumbles some strange words.
The magic dart hits you!
You die...

........#)####....#
.............()...##
.######.#....(.....#
#.#..........#
#.#..........#
#.#...##.#####
..#####.#...##.#
......oo....##.#
#..####@######.#
...............#
...............#
##..###.##...#.# ##
#.##...#.#
#.##...#.#
#.######[# ######
#.# #.# #..... #.#
####.# #.####


You could see an orc priest and an orc wizard (fast).

Vanquished Creatures
  4 gnolls (D:2)
  An ooze (D:1)
  A dart slug (D:1)
  A leopard gecko (D:2)
  2 orcs (D:3)
  6 giant cockroaches
  6 goblins
  7 hobgoblins
  7 kobolds
  A quokka (D:3)
  5 bats (D:1)
  6 rats
47 creatures vanquished.

Notes
Turn   | Place    | Note
-------+----------+-------------------------------------------
     0 | D:1      | Eurus the Minotaur Fighter began the quest for the Orb.
     0 | D:1      | Reached XP level 1. HP: 19/19 MP: 0/0
   186 | D:1      | Reached XP level 2. HP: 27/27 MP: 1/1
   678 | D:2      | Found a white marble altar of Elyvilon.
   729 | D:2      | Reached XP level 3. HP: 33/33 MP: 2/2
  1648 | D:2      | Reached XP level 4. HP: 27/41 MP: 3/3
  2525 | D:3      | Found a broken altar of Ashenzari.
  2570 | D:3      | Killed from afar by an orc wizard

Illustrated notes

Levels and vault maps discovered:
D:1:      dpeg_arrival_water_temple_mockup, layout_loops_ring, feat_on_display
D:2:      layout_basic, elyvilon_altar_3, kennysheep_decorative_pillar,
          chequers_avenue, amcnicky_mini_pool_small, minmay_misc_feat_plants,
          patterned_corridor
D:3:      layout_basic, marbit_many_paths

Skill      XL: |  1  2 |
---------------+-------+-----
Shields        | 4 |  4.4
Armour         | 4 |  4.4
Fighting       | 4 |  4.4
Axes           | 3 |  3.4
Throwing       | |  0.4

Action                   |  1- 3 |  4- 6 || total
-------------------------+-------+-------++-------
Melee: War axe           |    80 |    37 ||   117
       Headbutt          |     8 |     8 ||    16
  Use: Potion            |       |     1 ||     1
Armor: Scale mail        |    29 |    20 ||    49
Dodge: Dodged            |    28 |     9 ||    37
Block: Kite shield       |    46 |    24 ||    70
